[ AOE2 MATCH · #470664870 ]
Team RMLithuanians vs Portuguese
[ REPLAY ANALYSIS · EXTRACTED FROM THE RECORDED GAME ]
Feudal
10:59
Castle
17:15
Imperial
43:31
| APM avg | 20.1 |
| APM peak | 58 |
| eAPM avg | 11.6 |
| Villagers / military | 141 / 70 |
Focus
⚔️ 19.8% · 🌾 80.2%
Leitis ×51 · Knight ×11 · Monk ×8
Feudal
10:34
Castle
20:00
Imperial
38:04
| APM avg | 18.3 |
| APM peak | 46 |
| eAPM avg | 11.0 |
| Villagers / military | 101 / 147 |
Focus
⚔️ 21.4% · 🌾 78.6%
Knight ×140 · Fishing Ship ×46 · Spearman ×4 · Scout Cavalry ×2 · Monk ×1
Feudal
10:56
Castle
14:38
Imperial
30:21
| APM avg | 31.5 |
| APM peak | 64 |
| eAPM avg | 20.2 |
| Villagers / military | 135 / 134 |
Focus
⚔️ 42.5% · 🌾 57.5%
Cavalry Archer ×112 · Fire Galley ×14 · Trebuchet (Packed) ×7 · Fishing Ship ×4 · Galley ×1 · Unknown (2626) ×1
Feudal
12:31
Castle
16:42
Imperial
33:02
| APM avg | 45.5 |
| APM peak | 94 |
| eAPM avg | 16.0 |
| Villagers / military | 126 / 282 |
Focus
⚔️ 39.1% · 🌾 60.9%
Hand Cannoneer ×195 · Skirmisher ×38 · Organ Gun ×30 · Cavalry Archer ×10 · Bombard Cannon ×7 · Monk ×2
Feudal
9:19
Castle
20:52
Imperial
33:42
| APM avg | 34.0 |
| APM peak | 76 |
| eAPM avg | 16.2 |
| Villagers / military | 131 / 159 |
Focus
⚔️ 40.4% · 🌾 59.6%
Rattan Archer ×101 · Archer ×44 · Spearman ×10 · Trade Cart ×4 · Bombard Cannon ×3 · Monk ×1
Feudal
11:19
Castle
15:11
Imperial
36:16
| APM avg | 42.9 |
| APM peak | 92 |
| eAPM avg | 24.8 |
| Villagers / military | 138 / 311 |
Focus
⚔️ 46.7% · 🌾 53.3%
Knight ×300 · Scout Cavalry ×10 · Monk ×1
Feudal
10:18
Castle
18:26
Imperial
37:37
| APM avg | 41.0 |
| APM peak | 82 |
| eAPM avg | 18.5 |
| Villagers / military | 173 / 130 |
Focus
⚔️ 28.6% · 🌾 71.4%
Galley ×57 · Scout Cavalry ×44 · Camel Scout ×17 · Fishing Ship ×4 · Mameluke ×3 · Cannon Galleon ×3
Feudal
11:07
Castle
14:48
Imperial
33:25
| APM avg | 35.5 |
| APM peak | 81 |
| eAPM avg | 21.3 |
| Villagers / military | 131 / 242 |
Focus
⚔️ 35.3% · 🌾 64.7%
Unknown (1944) ×266 · Scout Cavalry ×241 · Monk ×1
Match map
Initial resources + every placement click. Lines = walls · curves = elevation contours. ◆ gold · ⬟ stone · ● berries · ✦ relic · ◌ wall gap
Your base
Icenain's base
[GAYM]BadBärchen's base
Kefko2112's base· Open — unwalled flank
TheLEGEND's base
NeoTyran's base· Open — unwalled flank
LeFab's base· Open — 7t gap
kivul's base
Smoothed initial terrain · ◌ = detected wall gap · hover for details
Inputs per minute
— [GAYM]AndiGoldberger - - Icenain
Build order — [GAYM]AndiGoldberger
First 150 of 309 actions detected
| 0:01 | Create | Villager (Male) |
| 0:02 | Create | Villager (Male) |
| 0:02 | Create | Villager (Male) |
| 0:04 | Build | House |
| 0:06 | Build | House |
| 0:29 | Create | Villager (Male) |
| 0:29 | Create | Villager (Male) |
| 0:30 | Create | Villager (Male) |
| 1:25 | Create | Villager (Male) |
| 1:54 | Create | Villager (Male) |
| 2:29 | Create | Villager (Male) |
| 2:30 | Create | Villager (Male) |
| 2:55 | Create | Villager (Male) |
| 3:01 | Build | House |
| 3:04 | Build | House |
| 4:44 | Build | Mill |
| 4:57 | Research | Loom |
| 5:22 | Build | Mill |
| 5:29 | Create | Villager (Male) |
| 5:29 | Create | Villager (Male) |
| 5:30 | Create | Villager (Male) |
| 5:46 | Build | Lumber Camp |
| 6:10 | Create | Villager (Male) |
| 6:11 | Create | Villager (Male) |
| 6:11 | Create | Villager (Male) |
| 6:12 | Create | Villager (Male) |
| 6:12 | Create | Villager (Male) |
| 6:13 | Create | Villager (Male) |
| 6:32 | Create | Villager (Male) |
| 6:34 | Create | Villager (Male) |
| 6:35 | Create | Villager (Male) |
| 7:47 | Build | Palisade Wall |
| 7:51 | Build | Palisade Wall |
| 7:53 | Build | Palisade Wall |
| 7:56 | Build | Palisade Wall |
| 7:57 | Build | Palisade Wall |
| 8:28 | Research | Feudal Age |
| 8:57 | Create | Villager (Male) |
| 8:58 | Create | Villager (Male) |
| 9:17 | Build | Mill |
| 10:46 | Build | House |
| 10:55 | Build | House |
| 10:58 | Build | Farm |
| 10:59 | Build | Farm |
| 10:59 | Age | Feudal Age |
| 10:59 | Build | Farm |
| 11:00 | Build | Farm |
| 11:16 | Research | Double-Bit Axe |
| 11:35 | Build | Stone Wall |
| 11:41 | Build | Stone Wall |
| 11:55 | Build | Building 673 |
| 12:12 | Build | Stone Wall |
| 12:15 | Build | Stone Wall |
| 12:20 | Build | Building 490 |
| 12:36 | Create | Villager (Male) |
| 12:45 | Build | Market |
| 13:12 | Build | Blacksmith |
| 13:22 | Research | Horse Collar |
| 13:35 | Build | Building 665 |
| 13:44 | Build | Building 490 |
| 13:53 | Build | House |
| 14:35 | Research | Castle Age |
| 14:44 | Build | Lumber Camp |
| 15:14 | Build | Farm |
| 15:23 | Build | Farm |
| 15:50 | Build | House |
| 16:14 | Build | Outpost |
| 16:18 | Create | Villager (Male) |
| 16:19 | Create | Villager (Male) |
| 16:26 | Build | Farm |
| 16:27 | Build | Farm |
| 16:28 | Build | Farm |
| 16:28 | Build | Farm |
| 16:53 | Build | Farm |
| 17:04 | Build | House |
| 17:15 | Age | Castle Age |
| 17:20 | Build | Barracks |
| 18:06 | Build | Town Center |
| 18:11 | Create | Villager (Male) |
| 18:44 | Create | Villager (Male) |
| 18:46 | Create | Villager (Male) |
| 18:58 | Build | House |
| 19:08 | Build | House |
| 19:14 | Build | House |
| 19:20 | Build | House |
| 19:22 | Build | House |
| 19:29 | Create | Villager (Male) |
| 19:44 | Build | Monastery |
| 19:50 | Research | Bow Saw |
| 19:52 | Create | Villager (Male) |
| 19:58 | Create | Villager (Male) |
| 20:08 | Build | Farm |
| 20:10 | Build | Farm |
| 20:17 | Build | Farm |
| 20:42 | Create | Monk |
| 20:44 | Create | Villager (Male) |
| 20:44 | Create | Villager (Male) |
| 21:02 | Create | Villager (Male) |
| 21:02 | Create | Villager (Male) |
| 21:11 | Build | Farm |
| 21:14 | Build | Farm |
| 21:26 | Create | Villager (Male) |
| 21:26 | Create | Villager (Male) |
| 21:41 | Create | Villager (Male) |
| 21:52 | Build | Town Center |
| 21:58 | Create | Villager (Male) |
| 21:58 | Create | Villager (Male) |
| 22:18 | Create | Villager (Male) |
| 22:28 | Create | Villager (Male) |
| 22:40 | Build | Mining Camp |
| 22:46 | Create | Villager (Male) |
| 23:07 | Research | Heavy Plow |
| 23:19 | Create | Monk |
| 23:22 | Build | Farm |
| 23:25 | Create | Villager (Male) |
| 23:25 | Create | Villager (Male) |
| 23:43 | Create | Villager (Male) |
| 23:57 | Build | Farm |
| 23:59 | Build | Farm |
| 24:03 | Build | Farm |
| 25:01 | Create | Villager (Male) |
| 25:01 | Create | Villager (Male) |
| 25:02 | Create | Villager (Male) |
| 25:19 | Create | Villager (Male) |
| 25:20 | Create | Villager (Male) |
| 25:20 | Create | Villager (Male) |
| 25:20 | Create | Villager (Male) |
| 25:28 | Create | Monk |
| 25:32 | Create | Villager (Male) |
| 25:32 | Create | Villager (Male) |
| 25:39 | Build | Farm |
| 25:40 | Build | Farm |
| 25:41 | Build | Farm |
| 25:44 | Create | Villager (Male) |
| 25:59 | Build | Castle |
| 26:09 | Research | Fervor |
| 26:18 | Create | Villager (Male) |
| 26:19 | Create | Villager (Male) |
| 26:19 | Create | Villager (Male) |
| 26:41 | Research | Fletching |
| 26:42 | Create | Villager (Male) |
| 26:43 | Create | Villager (Male) |
| 26:43 | Create | Villager (Male) |
| 26:43 | Create | Villager (Male) |
| 26:46 | Create | Monk |
| 27:03 | Build | University |
| 27:05 | Create | Villager (Male) |
| 27:24 | Build | Farm |
| 27:25 | Build | Farm |
| 27:26 | Build | Farm |
Build order — Icenain
First 150 of 263 actions detected
| 0:03 | Build | House |
| 0:04 | Build | House |
| 0:06 | Create | Villager (Male) ×5 |
| 1:45 | Create | Villager (Male) |
| 2:11 | Create | Villager (Male) |
| 2:32 | Create | Villager (Male) |
| 2:39 | Build | Lumber Camp |
| 3:06 | Create | Villager (Male) ×2 |
| 3:11 | Build | House |
| 3:39 | Create | Villager (Male) |
| 4:27 | Create | Villager (Male) |
| 4:28 | Create | Villager (Male) |
| 4:28 | Create | Villager (Male) |
| 5:04 | Build | Mill |
| 5:20 | Create | Villager (Male) |
| 5:31 | Build | House |
| 5:50 | Create | Villager (Male) |
| 5:51 | Create | Villager (Male) |
| 5:51 | Create | Villager (Male) |
| 6:40 | Build | Dock |
| 7:01 | Create | Villager (Male) |
| 7:01 | Create | Villager (Male) |
| 7:13 | Create | Villager (Male) |
| 7:34 | Create | Fishing Ship |
| 7:35 | Create | Fishing Ship |
| 8:19 | Build | House |
| 8:25 | Create | Fishing Ship |
| 8:30 | Research | Feudal Age |
| 8:30 | Research | Loom |
| 9:55 | Create | Fishing Ship |
| 9:56 | Create | Fishing Ship |
| 10:34 | Age | Feudal Age |
| 10:45 | Build | Barracks |
| 10:52 | Build | House |
| 11:11 | Research | Double-Bit Axe |
| 11:56 | Build | Dock |
| 12:01 | Create | Villager (Male) |
| 12:01 | Create | Villager (Male) |
| 12:23 | Research | Horse Collar |
| 12:31 | Build | Mining Camp |
| 12:36 | Create | Fishing Ship |
| 12:43 | Create | Villager (Male) |
| 12:43 | Create | Villager (Male) |
| 12:43 | Create | Villager (Male) |
| 12:44 | Create | Villager (Male) |
| 12:59 | Build | Lumber Camp |
| 13:10 | Build | House |
| 13:31 | Build | Fish Trap |
| 13:53 | Build | Fish Trap |
| 14:00 | Build | Fish Trap |
| 14:08 | Build | Fish Trap |
| 14:14 | Create | Villager (Male) |
| 14:15 | Create | Villager (Male) |
| 14:15 | Create | Villager (Male) |
| 14:31 | Build | Fish Trap |
| 14:41 | Build | Fish Trap |
| 14:44 | Create | Fishing Ship |
| 14:47 | Create | Fishing Ship |
| 14:53 | Build | House |
| 15:04 | Create | Villager (Male) |
| 15:16 | Research | Wheelbarrow |
| 15:17 | Create | Villager (Male) |
| 15:18 | Create | Villager (Male) |
| 15:18 | Create | Villager (Male) |
| 15:22 | Create | Fishing Ship |
| 15:29 | Build | Fish Trap |
| 15:32 | Create | Fishing Ship |
| 15:41 | Build | Fish Trap |
| 15:49 | Build | House |
| 16:10 | Build | Stable |
| 16:19 | Build | Fish Trap |
| 16:34 | Build | Blacksmith |
| 16:43 | Build | Fish Trap |
| 16:49 | Create | Fishing Ship |
| 16:58 | Create | Fishing Ship |
| 17:19 | Build | Stable |
| 17:27 | Build | House |
| 17:31 | Build | Fish Trap |
| 17:35 | Research | Castle Age |
| 17:53 | Create | Scout Cavalry |
| 17:53 | Create | Scout Cavalry |
| 18:00 | Build | Fish Trap |
| 18:04 | Build | House |
| 18:17 | Create | Spearman |
| 18:39 | Create | Fishing Ship |
| 18:40 | Create | Fishing Ship |
| 18:43 | Research | Tech 906 |
| 19:00 | Build | Stable |
| 19:10 | Create | Villager (Male) ×3 |
| 19:16 | Build | House |
| 19:31 | Create | Spearman |
| 19:31 | Create | Spearman |
| 19:31 | Create | Spearman |
| 19:55 | Build | Dock |
| 20:00 | Build | Fish Trap |
| 20:00 | Age | Castle Age |
| 20:12 | Build | Town Center |
| 20:25 | Research | Bloodlines |
| 20:39 | Research | Gillnets |
| 20:43 | Create | Fishing Ship |
| 20:56 | Build | Lumber Camp |
| 21:00 | Create | Villager (Male) |
| 21:00 | Create | Villager (Male) |
| 21:23 | Create | Villager (Male) |
| 21:30 | Create | Fishing Ship ×5 |
| 21:36 | Build | Fish Trap |
| 21:49 | Build | Mining Camp |
| 21:51 | Research | Gold Mining |
| 21:56 | Research | Bow Saw |
| 22:10 | Build | Fish Trap |
| 22:14 | Build | Fish Trap |
| 22:25 | Build | Fish Trap |
| 22:31 | Create | Fishing Ship |
| 22:43 | Research | Forging |
| 22:44 | Research | Scale Barding Armor |
| 22:49 | Build | Fish Trap |
| 22:56 | Build | Fish Trap |
| 23:04 | Build | House |
| 23:05 | Build | House |
| 23:06 | Build | House |
| 23:07 | Build | House |
| 23:19 | Build | Fish Trap |
| 23:23 | Create | Knight ×3 |
| 23:42 | Build | Fish Trap |
| 23:56 | Create | Knight ×4 |
| 23:56 | Create | Knight ×4 |
| 24:23 | Build | Town Center |
| 24:32 | Build | Monastery |
| 24:36 | Build | House |
| 24:37 | Build | House |
| 24:45 | Create | Knight ×5 |
| 24:45 | Create | Knight ×2 |
| 24:45 | Create | Knight ×2 |
| 26:21 | Create | Knight ×5 |
| 26:22 | Create | Knight |
| 26:22 | Create | Knight |
| 26:39 | Build | Mining Camp |
| 26:50 | Create | Knight ×2 |
| 26:50 | Create | Knight ×2 |
| 27:28 | Research | Hand Cart |
| 27:29 | Create | Villager (Male) ×5 |
| 27:29 | Create | Villager (Male) ×5 |
| 27:36 | Build | Farm |
| 27:37 | Build | Farm |
| 27:37 | Build | Farm |
| 27:37 | Build | Farm |
| 27:38 | Build | Farm |
| 27:38 | Build | Farm |
| 27:38 | Build | Farm |
| 27:39 | Build | Farm |
Build order — [GAYM]BadBärchen
First 150 of 427 actions detected
| 0:01 | Create | Villager (Male) |
| 0:02 | Build | House |
| 0:03 | Build | House |
| 0:20 | Create | Villager (Male) |
| 0:20 | Create | Villager (Male) |
| 0:33 | Create | Villager (Male) |
| 1:25 | Create | Villager (Male) |
| 1:55 | Build | Lumber Camp |
| 2:00 | Create | Villager (Male) |
| 2:00 | Create | Villager (Male) |
| 2:18 | Create | Villager (Male) |
| 2:54 | Create | Villager (Male) |
| 3:06 | Create | Villager (Male) |
| 3:33 | Create | Villager (Male) |
| 3:50 | Build | House |
| 3:56 | Create | Villager (Male) |
| 4:26 | Create | Villager (Male) |
| 4:37 | Build | Dock |
| 4:49 | Create | Villager (Male) |
| 4:49 | Create | Villager (Male) |
| 5:16 | Create | Villager (Male) |
| 5:20 | Create | Fishing Ship |
| 5:31 | Create | Villager (Male) |
| 5:33 | Build | House |
| 5:56 | Create | Villager (Male) |
| 6:05 | Create | Fishing Ship |
| 6:19 | Build | Palisade Wall |
| 6:33 | Build | Palisade Gate |
| 6:36 | Create | Villager (Male) |
| 7:02 | Create | Villager (Male) |
| 7:13 | Build | Palisade Wall |
| 7:16 | Create | Fishing Ship |
| 7:16 | Create | Villager (Male) |
| 7:28 | Build | House |
| 7:28 | Create | Villager (Male) |
| 7:50 | Build | Palisade Wall |
| 8:09 | Create | Villager (Male) |
| 8:16 | Build | House |
| 8:22 | Create | Fishing Ship |
| 8:45 | Research | Feudal Age |
| 9:14 | Build | Mining Camp |
| 9:22 | Build | Mill |
| 10:13 | Create | Villager (Male) |
| 10:13 | Create | Villager (Male) |
| 10:56 | Age | Feudal Age |
| 10:58 | Build | Market |
| 11:05 | Build | Blacksmith |
| 11:37 | Build | Palisade Wall |
| 11:58 | Research | Castle Age |
| 12:19 | Build | Palisade Wall |
| 12:21 | Build | Building 804 |
| 12:29 | Research | Double-Bit Axe |
| 12:40 | Build | Palisade Wall |
| 12:56 | Research | Horse Collar |
| 13:11 | Create | Unit 2626 |
| 13:14 | Create | Galley |
| 13:17 | Create | Fire Galley |
| 13:45 | Create | Villager (Male) |
| 14:15 | Build | House |
| 14:36 | Create | Fire Galley |
| 14:38 | Age | Castle Age |
| 14:43 | Build | Town Center |
| 14:43 | Research | Bow Saw |
| 15:03 | Create | Villager (Male) |
| 15:05 | Build | House |
| 15:18 | Create | Villager (Male) |
| 15:30 | Build | Town Center |
| 15:43 | Create | Villager (Male) |
| 15:57 | Create | Fire Galley |
| 15:59 | Create | Villager (Male) |
| 16:54 | Create | Villager (Male) |
| 17:23 | Build | Farm |
| 17:25 | Build | Farm |
| 17:27 | Build | Farm |
| 17:30 | Build | Farm |
| 17:31 | Build | Farm |
| 17:35 | Build | Farm |
| 17:38 | Create | Fire Galley |
| 17:50 | Create | Villager (Male) |
| 17:50 | Create | Villager (Male) |
| 17:50 | Create | Villager (Male) |
| 17:58 | Build | Farm |
| 18:01 | Create | Villager (Male) |
| 18:08 | Create | Villager (Male) |
| 18:13 | Build | Farm |
| 18:14 | Create | Villager (Male) |
| 18:14 | Create | Villager (Male) |
| 18:18 | Build | Farm |
| 18:20 | Build | Farm |
| 18:28 | Create | Villager (Male) |
| 18:44 | Build | House |
| 18:45 | Create | Villager (Male) |
| 18:54 | Build | Farm |
| 18:57 | Build | Farm |
| 18:59 | Build | Farm |
| 19:00 | Create | Villager (Male) |
| 19:00 | Create | Villager (Male) |
| 19:00 | Create | Villager (Male) |
| 19:09 | Build | Farm |
| 19:13 | Create | Villager (Male) |
| 19:13 | Create | Villager (Male) |
| 19:13 | Create | Villager (Male) |
| 19:38 | Build | Mining Camp |
| 19:39 | Create | Villager (Male) |
| 19:39 | Create | Villager (Male) |
| 19:39 | Create | Villager (Male) |
| 19:44 | Build | Farm |
| 19:54 | Create | Fire Galley |
| 19:56 | Create | Villager (Male) |
| 19:56 | Create | Villager (Male) |
| 20:03 | Build | House |
| 20:04 | Build | House |
| 20:05 | Create | Villager (Male) |
| 20:05 | Create | Villager (Male) |
| 20:05 | Create | Villager (Male) |
| 20:20 | Create | Villager (Male) |
| 20:20 | Create | Villager (Male) |
| 20:21 | Create | Villager (Male) |
| 20:31 | Create | Villager (Male) |
| 20:35 | Build | Lumber Camp |
| 20:39 | Build | Farm |
| 20:45 | Create | Villager (Male) |
| 20:45 | Create | Villager (Male) |
| 20:52 | Build | House |
| 21:02 | Create | Fire Galley |
| 21:06 | Create | Villager (Male) |
| 21:26 | Create | Villager (Male) |
| 21:26 | Create | Villager (Male) |
| 21:31 | Build | Dock |
| 21:35 | Create | Villager (Male) |
| 21:39 | Build | House |
| 21:41 | Create | Villager (Male) |
| 21:43 | Build | Farm |
| 21:44 | Build | Farm |
| 21:46 | Create | Villager (Male) |
| 21:46 | Create | Villager (Male) |
| 22:11 | Create | Villager (Male) |
| 22:12 | Create | Villager (Male) |
| 22:14 | Create | Fire Galley |
| 22:14 | Create | Fire Galley |
| 22:22 | Build | House |
| 22:23 | Create | Villager (Male) |
| 22:30 | Create | Fire Galley |
| 22:30 | Create | Fire Galley |
| 22:34 | Create | Villager (Male) |
| 22:35 | Create | Villager (Male) |
| 22:36 | Build | House |
| 22:38 | Build | House |
| 22:49 | Create | Villager (Male) |
| 22:49 | Create | Villager (Male) |
Build order — Kefko2112
First 150 of 280 actions detected
| 0:00 | Create | Villager (Male) |
| 0:01 | Create | Villager (Male) |
| 0:01 | Create | Villager (Male) |
| 0:03 | Build | House |
| 0:04 | Build | House |
| 0:41 | Create | Villager (Male) |
| 1:35 | Create | Villager (Male) |
| 1:53 | Build | Lumber Camp |
| 1:57 | Create | Villager (Male) |
| 2:39 | Create | Villager (Male) |
| 2:39 | Create | Villager (Male) |
| 3:00 | Create | Villager (Male) |
| 3:36 | Create | Villager (Male) |
| 4:01 | Build | House |
| 4:09 | Create | Villager (Male) |
| 4:26 | Build | House |
| 4:50 | Create | Villager (Male) |
| 4:59 | Build | Mill |
| 5:01 | Create | Villager (Male) |
| 5:21 | Create | Villager (Male) |
| 5:42 | Create | Villager (Male) |
| 6:09 | Create | Villager (Male) |
| 6:38 | Create | Villager (Male) |
| 6:39 | Create | Villager (Male) |
| 6:39 | Create | Villager (Male) |
| 7:00 | Create | Villager (Male) |
| 7:06 | Create | Villager (Male) |
| 7:56 | Create | Villager (Male) |
| 7:56 | Create | Villager (Male) |
| 8:37 | Build | Farm |
| 8:40 | Build | Mining Camp |
| 8:42 | Build | Farm |
| 8:45 | Build | Farm |
| 8:49 | Build | Farm |
| 9:01 | Build | Farm |
| 9:04 | Build | House |
| 9:07 | Research | Loom |
| 9:31 | Create | Villager (Male) |
| 9:31 | Create | Villager (Male) |
| 10:00 | Research | Feudal Age |
| 10:10 | Build | Farm |
| 11:18 | Build | House |
| 12:31 | Age | Feudal Age |
| 12:37 | Build | Market |
| 12:44 | Build | Blacksmith |
| 13:06 | Create | Villager (Male) |
| 13:08 | Create | Villager (Male) |
| 13:29 | Build | Stone Wall |
| 13:43 | Build | Stone Wall |
| 14:02 | Research | Castle Age |
| 14:29 | Build | Building 487 |
| 14:36 | Build | Stone Wall |
| 14:51 | Build | Stone Wall |
| 14:53 | Build | Stone Wall |
| 14:56 | Create | Villager (Male) |
| 15:45 | Build | Mining Camp |
| 16:25 | Create | Villager (Male) |
| 16:42 | Age | Castle Age |
| 16:46 | Build | Town Center |
| 16:51 | Build | Town Center |
| 17:16 | Build | Monastery |
| 17:21 | Create | Villager (Male) |
| 17:25 | Research | Double-Bit Axe |
| 17:44 | Create | Villager (Male) |
| 17:48 | Create | Villager (Male) |
| 17:58 | Create | Monk |
| 18:00 | Create | Monk |
| 18:31 | Create | Villager (Male) ×5 |
| 19:17 | Create | Villager (Male) ×5 |
| 19:23 | Build | Farm |
| 19:28 | Build | Mining Camp |
| 19:29 | Create | Villager (Male) ×5 |
| 19:32 | Build | Farm |
| 19:45 | Create | Villager (Male) ×5 |
| 19:52 | Research | Wheelbarrow |
| 19:57 | Research | Bow Saw |
| 20:18 | Build | House |
| 20:19 | Build | House |
| 20:19 | Build | House |
| 20:20 | Build | House |
| 20:20 | Build | House |
| 20:20 | Build | House |
| 20:21 | Build | House |
| 20:22 | Create | Villager (Male) ×2 |
| 20:27 | Build | House |
| 20:33 | Build | House |
| 20:40 | Create | Villager (Male) |
| 20:54 | Build | Farm |
| 20:56 | Build | Farm |
| 20:59 | Build | Farm |
| 21:01 | Build | Farm |
| 21:04 | Build | Farm |
| 21:05 | Create | Villager (Male) ×2 |
| 21:48 | Create | Villager (Male) ×3 |
| 21:57 | Build | Town Center |
| 22:11 | Create | Villager (Male) |
| 22:24 | Create | Villager (Male) ×3 |
| 22:35 | Create | Villager (Male) ×2 |
| 22:42 | Build | Farm |
| 22:44 | Create | Villager (Male) |
| 22:51 | Create | Villager (Male) |
| 22:59 | Build | Farm |
| 23:02 | Build | Farm |
| 23:04 | Build | Farm |
| 23:07 | Build | Farm |
| 23:10 | Build | Farm |
| 23:14 | Research | Gold Mining |
| 23:15 | Research | Stone Mining |
| 23:21 | Research | Horse Collar |
| 23:22 | Research | Stone Mining |
| 23:28 | Create | Villager (Male) |
| 23:35 | Build | House |
| 23:38 | Build | House |
| 23:39 | Build | House |
| 23:40 | Create | Villager (Male) ×2 |
| 23:45 | Build | Farm |
| 24:25 | Build | Barracks |
| 24:30 | Build | Farm |
| 24:31 | Create | Villager (Male) ×5 |
| 24:42 | Create | Villager (Male) ×4 |
| 24:50 | Build | Archery Range |
| 24:53 | Build | Archery Range |
| 24:54 | Research | Fletching |
| 24:54 | Research | Padded Archer Armor |
| 25:26 | Build | Castle |
| 25:30 | Research | Elite Skirmisher (upgrade) |
| 25:32 | Research | Bodkin Arrow |
| 25:39 | Build | University |
| 25:43 | Create | Villager (Male) ×4 |
| 25:46 | Build | Farm |
| 25:46 | Build | Farm |
| 25:46 | Build | Farm |
| 25:46 | Build | Farm |
| 25:47 | Build | Farm |
| 25:47 | Build | Farm |
| 25:47 | Build | Farm |
| 25:48 | Build | Farm |
| 25:48 | Build | Farm |
| 25:52 | Create | Villager (Male) |
| 26:12 | Create | Skirmisher ×5 |
| 26:17 | Build | Archery Range |
| 26:31 | Research | Ballistics |
| 26:35 | Create | Villager (Male) |
| 26:35 | Create | Villager (Male) ×5 |
| 26:49 | Create | Skirmisher ×4 |
| 27:08 | Create | Skirmisher ×5 |
| 27:10 | Build | Farm |
| 27:16 | Build | Farm |
| 27:17 | Build | Farm |
| 27:17 | Build | Farm |
Build order — TheLEGEND
First 150 of 401 actions detected
| 0:02 | Create | Villager (Male) |
| 0:02 | Create | Villager (Male) |
| 0:04 | Build | House |
| 0:06 | Build | House |
| 0:07 | Create | Villager (Male) |
| 0:07 | Create | Villager (Male) |
| 0:07 | Create | Villager (Male) |
| 1:25 | Create | Villager (Male) |
| 1:25 | Create | Villager (Male) |
| 1:25 | Create | Villager (Male) |
| 1:51 | Build | Lumber Camp |
| 1:52 | Create | Villager (Male) |
| 1:52 | Create | Villager (Male) |
| 1:52 | Create | Villager (Male) |
| 1:52 | Create | Villager (Male) |
| 1:52 | Create | Villager (Male) |
| 2:27 | Create | Villager (Male) |
| 2:27 | Create | Villager (Male) |
| 2:27 | Create | Villager (Male) |
| 2:27 | Create | Villager (Male) |
| 2:56 | Create | Villager (Male) |
| 2:56 | Create | Villager (Male) |
| 2:56 | Create | Villager (Male) |
| 2:56 | Create | Villager (Male) |
| 3:11 | Build | House |
| 3:13 | Build | House |
| 3:36 | Create | Villager (Male) |
| 3:36 | Create | Villager (Male) |
| 3:36 | Create | Villager (Male) |
| 3:36 | Create | Villager (Male) |
| 4:04 | Create | Villager (Male) |
| 4:04 | Create | Villager (Male) |
| 4:04 | Create | Villager (Male) |
| 4:04 | Create | Villager (Male) |
| 4:54 | Create | Villager (Male) |
| 4:54 | Create | Villager (Male) |
| 4:54 | Create | Villager (Male) |
| 4:54 | Create | Villager (Male) |
| 4:54 | Create | Villager (Male) |
| 5:36 | Build | Mill |
| 5:59 | Create | Villager (Male) |
| 5:59 | Create | Villager (Male) |
| 6:05 | Research | Loom |
| 7:09 | Research | Feudal Age |
| 7:49 | Create | Villager (Male) |
| 7:49 | Create | Villager (Male) |
| 7:49 | Create | Villager (Male) |
| 7:49 | Create | Villager (Male) |
| 7:49 | Create | Villager (Male) |
| 8:13 | Create | Villager (Male) |
| 8:20 | Build | Barracks |
| 9:19 | Age | Feudal Age |
| 9:30 | Build | Archery Range |
| 9:32 | Build | House |
| 9:34 | Create | Villager (Male) |
| 9:55 | Research | Double-Bit Axe |
| 10:02 | Build | Mining Camp |
| 10:25 | Create | Villager (Male) |
| 10:31 | Build | House |
| 10:32 | Build | House |
| 10:41 | Create | Spearman |
| 10:48 | Create | Villager (Male) |
| 11:02 | Create | Archer |
| 11:02 | Create | Archer |
| 11:06 | Research | Gold Mining |
| 11:08 | Create | Villager (Male) |
| 11:19 | Build | Lumber Camp |
| 11:20 | Create | Villager (Male) |
| 11:26 | Create | Spearman |
| 11:33 | Create | Archer |
| 11:35 | Create | Villager (Male) |
| 12:05 | Create | Archer |
| 12:14 | Build | Archery Range |
| 12:23 | Create | Archer |
| 13:00 | Create | Archer |
| 13:00 | Create | Villager (Male) |
| 13:07 | Create | Villager (Male) |
| 13:11 | Create | Archer |
| 13:11 | Create | Archer |
| 13:13 | Create | Villager (Male) |
| 13:30 | Build | House |
| 13:43 | Build | Palisade Wall |
| 13:55 | Build | Building 796 |
| 13:56 | Create | Villager (Male) |
| 13:57 | Create | Villager (Male) |
| 14:10 | Build | Blacksmith |
| 14:19 | Create | Archer |
| 14:47 | Create | Archer |
| 14:47 | Create | Archer |
| 14:48 | Create | Villager (Male) |
| 14:48 | Create | Villager (Male) |
| 15:00 | Build | Farm |
| 15:02 | Build | Farm |
| 15:04 | Build | Farm |
| 15:06 | Build | Farm |
| 15:09 | Build | Farm |
| 15:12 | Build | Farm |
| 15:15 | Research | Horse Collar |
| 15:25 | Research | Wheelbarrow |
| 15:52 | Build | Palisade Wall |
| 15:57 | Build | Farm |
| 16:00 | Build | House |
| 16:06 | Build | House |
| 16:07 | Build | House |
| 16:17 | Build | Farm |
| 16:21 | Create | Archer |
| 16:21 | Create | Archer |
| 16:39 | Create | Villager (Male) |
| 16:49 | Build | Farm |
| 16:50 | Build | Farm |
| 16:56 | Build | Farm |
| 16:57 | Build | Farm |
| 16:58 | Build | Farm |
| 17:01 | Build | Farm |
| 17:02 | Create | Villager (Male) |
| 17:08 | Build | Farm |
| 17:26 | Create | Archer |
| 17:26 | Create | Archer |
| 17:39 | Create | Villager (Male) |
| 18:03 | Build | Market |
| 18:12 | Research | Castle Age |
| 18:17 | Create | Archer |
| 18:18 | Create | Archer |
| 18:18 | Create | Archer |
| 18:45 | Build | House |
| 18:46 | Build | House |
| 18:50 | Build | House |
| 18:59 | Create | Archer |
| 19:07 | Research | Padded Archer Armor |
| 19:10 | Research | Fletching |
| 19:11 | Research | Padded Archer Armor |
| 19:17 | Build | Mining Camp |
| 19:25 | Create | Archer |
| 19:25 | Create | Archer |
| 19:33 | Create | Archer |
| 19:53 | Create | Archer |
| 20:06 | Research | Stone Mining |
| 20:14 | Build | House |
| 20:21 | Create | Archer |
| 20:26 | Create | Archer |
| 20:52 | Age | Castle Age |
| 20:59 | Research | Crossbowman (upgrade) |
| 21:12 | Research | Bodkin Arrow |
| 21:16 | Create | Villager (Male) |
| 21:29 | Build | Town Center |
| 21:44 | Create | Villager (Male) |
| 21:53 | Build | University |
| 21:57 | Create | Villager (Male) |
| 21:58 | Research | Hand Cart |
| 21:59 | Create | Villager (Male) |
Build order — NeoTyran
First 150 of 426 actions detected
| 0:01 | Create | Villager (Male) |
| 0:01 | Create | Villager (Male) |
| 0:01 | Create | Villager (Male) |
| 0:02 | Create | Villager (Male) |
| 0:02 | Build | House |
| 0:04 | Build | House |
| 1:26 | Create | Villager (Male) |
| 2:07 | Create | Villager (Male) |
| 2:07 | Create | Villager (Male) |
| 2:22 | Build | Lumber Camp |
| 2:31 | Create | Villager (Male) |
| 2:31 | Create | Villager (Male) |
| 3:07 | Create | Villager (Male) |
| 3:07 | Create | Villager (Male) |
| 3:29 | Create | Villager (Male) |
| 3:29 | Create | Villager (Male) |
| 3:30 | Create | Villager (Male) |
| 3:30 | Create | Villager (Male) |
| 4:27 | Create | Villager (Male) |
| 4:27 | Create | Villager (Male) |
| 4:27 | Create | Villager (Male) |
| 4:33 | Create | Villager (Male) |
| 4:33 | Create | Villager (Male) |
| 4:53 | Build | House |
| 4:54 | Build | House |
| 4:55 | Build | House |
| 5:00 | Research | Loom |
| 5:07 | Build | Mill |
| 5:11 | Create | Villager (Male) |
| 5:11 | Create | Villager (Male) |
| 5:19 | Create | Villager (Male) |
| 5:20 | Create | Villager (Male) |
| 5:20 | Create | Villager (Male) |
| 5:43 | Research | Double-Bit Axe |
| 6:37 | Create | Villager (Male) |
| 6:38 | Create | Villager (Male) |
| 6:39 | Create | Villager (Male) |
| 7:52 | Create | Villager (Male) |
| 7:52 | Create | Villager (Male) |
| 8:53 | Build | Mining Camp |
| 8:58 | Research | Feudal Age |
| 10:28 | Create | Villager (Male) |
| 10:29 | Create | Villager (Male) |
| 11:16 | Build | Farm |
| 11:19 | Age | Feudal Age |
| 11:21 | Build | Farm |
| 11:28 | Build | Market |
| 11:31 | Build | Blacksmith |
| 12:25 | Create | Villager (Male) |
| 12:31 | Research | Castle Age |
| 12:32 | Research | Castle Age |
| 12:40 | Research | Bow Saw |
| 12:45 | Research | Gold Mining |
| 12:47 | Build | Farm |
| 12:51 | Build | Farm |
| 13:03 | Create | Villager (Male) |
| 13:03 | Create | Villager (Male) |
| 13:14 | Build | House |
| 13:15 | Build | House |
| 13:37 | Build | Barracks |
| 13:57 | Build | House |
| 14:14 | Build | Farm |
| 14:18 | Build | Farm |
| 14:22 | Build | Farm |
| 14:41 | Build | Farm |
| 15:11 | Build | Farm |
| 15:11 | Age | Castle Age |
| 15:14 | Build | Farm |
| 15:18 | Create | Villager (Male) |
| 15:45 | Create | Villager (Male) |
| 15:45 | Create | Villager (Male) |
| 15:48 | Build | Farm |
| 15:57 | Build | Palisade Gate |
| 16:03 | Build | Palisade Wall |
| 16:11 | Build | Monastery |
| 16:16 | Create | Villager (Male) |
| 16:22 | Research | Wheelbarrow |
| 16:58 | Build | Stone Wall |
| 17:04 | Build | Stone Wall |
| 17:10 | Create | Monk |
| 17:17 | Create | Villager (Male) |
| 17:17 | Create | Villager (Male) |
| 17:26 | Build | Stable |
| 17:44 | Build | Town Center |
| 17:52 | Build | Town Center |
| 18:19 | Create | Knight |
| 18:20 | Create | Knight |
| 18:28 | Create | Villager (Male) |
| 18:28 | Create | Villager (Male) |
| 18:40 | Build | Building 487 |
| 18:52 | Create | Villager (Male) |
| 19:16 | Create | Villager (Male) |
| 19:16 | Create | Villager (Male) |
| 19:17 | Create | Villager (Male) |
| 19:19 | Create | Villager (Male) |
| 19:19 | Create | Villager (Male) |
| 19:22 | Build | Farm |
| 19:27 | Build | Farm |
| 19:50 | Build | Farm |
| 20:12 | Build | Stone Wall |
| 20:15 | Create | Villager (Male) |
| 20:17 | Build | Farm |
| 20:30 | Build | Farm |
| 20:32 | Create | Villager (Male) |
| 20:33 | Create | Villager (Male) |
| 20:33 | Create | Villager (Male) |
| 20:36 | Build | Farm |
| 20:38 | Build | Farm |
| 20:40 | Build | Farm |
| 20:43 | Create | Knight |
| 20:44 | Research | Cavalier (upgrade) |
| 20:50 | Build | Farm |
| 21:00 | Create | Villager (Male) |
| 21:00 | Create | Villager (Male) |
| 21:08 | Build | House |
| 21:09 | Build | House |
| 21:11 | Build | House |
| 21:12 | Build | House |
| 21:14 | Create | Villager (Male) |
| 21:15 | Create | Villager (Male) |
| 21:28 | Build | Town Center |
| 21:42 | Research | Town Watch |
| 21:44 | Create | Villager (Male) |
| 21:44 | Create | Villager (Male) |
| 21:47 | Research | Husbandry |
| 21:56 | Research | Bow Saw |
| 22:23 | Create | Villager (Male) |
| 22:23 | Create | Villager (Male) |
| 22:29 | Build | Farm |
| 22:31 | Create | Villager (Male) |
| 22:50 | Build | Mining Camp |
| 22:56 | Create | Villager (Male) |
| 22:56 | Create | Villager (Male) |
| 22:56 | Create | Villager (Male) |
| 22:57 | Create | Villager (Male) |
| 23:06 | Build | Lumber Camp |
| 23:13 | Build | House |
| 23:16 | Create | Villager (Male) |
| 23:16 | Create | Villager (Male) |
| 23:42 | Create | Knight |
| 23:43 | Create | Knight |
| 23:43 | Create | Knight |
| 23:43 | Create | Knight |
| 23:43 | Create | Knight |
| 23:50 | Build | House |
| 23:51 | Build | House |
| 24:03 | Create | Knight ×4 |
| 24:03 | Create | Knight ×4 |
| 24:13 | Build | Stable |
| 24:14 | Build | Stable |
Build order — LeFab
First 150 of 441 actions detected
| 0:01 | Create | Villager (Male) |
| 0:01 | Create | Villager (Male) |
| 0:01 | Create | Villager (Male) |
| 0:03 | Build | House |
| 0:04 | Build | House |
| 0:29 | Create | Villager (Male) |
| 0:30 | Create | Villager (Male) |
| 1:26 | Create | Villager (Male) |
| 1:26 | Create | Villager (Male) |
| 1:59 | Create | Villager (Male) |
| 1:59 | Create | Villager (Male) |
| 2:05 | Build | Lumber Camp |
| 2:28 | Create | Villager (Male) |
| 2:28 | Create | Villager (Male) |
| 2:53 | Create | Villager (Male) |
| 2:54 | Create | Villager (Male) |
| 3:09 | Create | Villager (Male) |
| 3:09 | Create | Villager (Male) |
| 3:18 | Build | House |
| 3:19 | Build | House |
| 3:25 | Create | Villager (Male) |
| 3:26 | Create | Villager (Male) |
| 4:10 | Create | Villager (Male) |
| 4:11 | Create | Villager (Male) |
| 4:52 | Create | Villager (Male) |
| 5:19 | Build | Dock |
| 5:24 | Create | Villager (Male) |
| 5:24 | Create | Villager (Male) |
| 5:53 | Create | Villager (Male) |
| 6:00 | Create | Villager (Male) |
| 6:00 | Create | Villager (Male) |
| 6:26 | Create | Fishing Ship |
| 6:26 | Create | Fishing Ship |
| 6:35 | Create | Villager (Male) |
| 6:55 | Create | Villager (Male) |
| 6:55 | Create | Villager (Male) |
| 6:56 | Create | Villager (Male) |
| 7:10 | Research | Loom |
| 7:21 | Build | House |
| 7:25 | Create | Villager (Male) |
| 8:08 | Research | Feudal Age |
| 8:46 | Create | Villager (Male) |
| 8:48 | Create | Fishing Ship |
| 8:51 | Create | Fishing Ship |
| 8:56 | Build | Dock |
| 8:58 | Create | Villager (Male) |
| 9:23 | Create | Villager (Male) |
| 9:28 | Build | Mining Camp |
| 9:57 | Create | Villager (Male) |
| 10:18 | Age | Feudal Age |
| 10:19 | Create | Galley |
| 10:20 | Create | Galley |
| 10:42 | Create | Villager (Male) |
| 10:42 | Create | Villager (Male) |
| 10:48 | Create | Villager (Male) |
| 10:51 | Create | Galley |
| 10:52 | Create | Galley |
| 10:57 | Build | House |
| 10:58 | Build | House |
| 11:39 | Create | Villager (Male) |
| 11:59 | Create | Galley |
| 11:59 | Create | Galley |
| 11:59 | Create | Galley |
| 12:01 | Create | Villager (Male) |
| 12:08 | Build | House |
| 12:09 | Build | House |
| 12:11 | Create | Villager (Male) |
| 12:36 | Research | Double-Bit Axe |
| 13:19 | Create | Villager (Male) |
| 13:27 | Build | Mill |
| 13:33 | Create | Villager (Male) |
| 13:51 | Build | Blacksmith |
| 14:09 | Build | Market |
| 14:57 | Create | Villager (Male) |
| 15:00 | Create | Villager (Male) |
| 15:11 | Build | Barracks |
| 15:46 | Research | Castle Age |
| 15:46 | Research | Castle Age |
| 16:06 | Create | Villager (Male) |
| 16:12 | Research | Fletching |
| 17:15 | Create | Galley |
| 17:15 | Create | Galley |
| 17:16 | Create | Galley |
| 17:16 | Create | Galley |
| 17:16 | Create | Galley |
| 18:01 | Create | Demolition Raft |
| 18:18 | Create | Spearman |
| 18:18 | Create | Spearman |
| 18:26 | Age | Castle Age |
| 18:30 | Research | Bodkin Arrow |
| 18:49 | Create | Villager (Male) |
| 18:52 | Build | Town Center |
| 19:04 | Build | Farm |
| 19:04 | Build | Farm |
| 19:04 | Build | Farm |
| 19:04 | Build | Farm |
| 19:05 | Build | Farm |
| 19:05 | Build | Farm |
| 19:16 | Create | Villager (Male) |
| 19:31 | Research | War Galley (upgrade) |
| 19:57 | Research | Bow Saw |
| 19:58 | Create | Villager (Male) |
| 19:58 | Create | Villager (Male) |
| 20:17 | Build | Town Center |
| 20:25 | Create | Galley |
| 20:25 | Create | Galley |
| 20:56 | Build | Palisade Wall |
| 21:01 | Build | Palisade Wall |
| 21:02 | Create | Villager (Male) |
| 21:04 | Create | Villager (Male) |
| 21:10 | Create | Villager (Male) |
| 21:18 | Create | Galley |
| 21:18 | Create | Galley |
| 21:18 | Create | Galley |
| 21:19 | Create | Galley |
| 21:24 | Create | Villager (Male) |
| 21:31 | Create | Villager (Male) |
| 21:46 | Build | Lumber Camp |
| 21:47 | Create | Villager (Male) |
| 22:53 | Create | Galley |
| 22:54 | Create | Galley |
| 22:55 | Create | Villager (Male) |
| 22:56 | Create | Villager (Male) |
| 22:56 | Create | Villager (Male) |
| 22:56 | Create | Villager (Male) |
| 22:56 | Create | Villager (Male) |
| 22:56 | Create | Villager (Male) |
| 23:35 | Create | Villager (Male) |
| 23:45 | Build | House |
| 23:45 | Build | House |
| 23:45 | Build | House |
| 23:45 | Build | House |
| 23:46 | Build | House |
| 23:46 | Build | House |
| 23:46 | Build | House |
| 24:04 | Create | Villager (Male) |
| 24:04 | Create | Villager (Male) |
| 24:08 | Build | House |
| 24:09 | Build | House |
| 24:10 | Build | House |
| 24:10 | Build | House |
| 24:10 | Build | House |
| 24:11 | Build | House |
| 24:13 | Build | Farm |
| 24:13 | Build | Farm |
| 24:13 | Build | Farm |
| 24:14 | Build | Farm |
| 24:14 | Build | Farm |
| 24:14 | Build | Farm |
| 24:14 | Build | Farm |
Build order — kivul
First 150 of 428 actions detected
| 0:02 | Create | Villager (Male) |
| 0:02 | Create | Villager (Male) |
| 0:02 | Create | Villager (Male) |
| 0:03 | Build | House |
| 0:04 | Build | House |
| 0:31 | Create | Villager (Male) |
| 1:34 | Create | Villager (Male) |
| 1:34 | Create | Villager (Male) |
| 1:54 | Build | Lumber Camp |
| 1:59 | Create | Villager (Male) |
| 2:00 | Create | Villager (Male) |
| 2:27 | Create | Villager (Male) |
| 2:56 | Create | Villager (Male) |
| 2:59 | Create | Villager (Male) |
| 3:37 | Build | House |
| 3:45 | Build | House |
| 3:47 | Create | Villager (Male) |
| 3:47 | Create | Villager (Male) |
| 4:03 | Create | Villager (Male) |
| 4:03 | Create | Villager (Male) |
| 4:12 | Build | Mill |
| 4:23 | Create | Villager (Male) |
| 4:23 | Create | Villager (Male) |
| 4:49 | Build | House |
| 4:58 | Create | Villager (Male) |
| 5:28 | Create | Villager (Male) |
| 5:28 | Create | Villager (Male) |
| 5:41 | Create | Villager (Male) |
| 5:42 | Create | Villager (Male) |
| 5:42 | Create | Villager (Male) |
| 6:05 | Create | Villager (Male) |
| 6:05 | Create | Villager (Male) |
| 6:40 | Create | Villager (Male) |
| 6:40 | Create | Villager (Male) |
| 6:41 | Create | Villager (Male) |
| 7:18 | Build | Mining Camp |
| 7:29 | Create | Villager (Male) |
| 7:29 | Create | Villager (Male) |
| 7:43 | Build | Palisade Wall |
| 7:58 | Build | Palisade Wall |
| 8:36 | Build | Palisade Wall |
| 8:37 | Build | Palisade Wall |
| 8:37 | Build | Palisade Wall |
| 8:57 | Research | Feudal Age |
| 9:09 | Build | Palisade Wall |
| 9:28 | Create | Villager (Male) |
| 9:29 | Create | Villager (Male) |
| 9:33 | Build | Farm |
| 9:39 | Build | Farm |
| 9:46 | Build | House |
| 11:07 | Age | Feudal Age |
| 11:13 | Build | Market |
| 11:16 | Build | Blacksmith |
| 12:08 | Research | Castle Age |
| 12:08 | Research | Castle Age |
| 12:13 | Build | Barracks |
| 12:20 | Build | Barracks |
| 12:41 | Research | Double-Bit Axe |
| 13:11 | Build | House |
| 13:18 | Build | House |
| 13:29 | Create | Villager (Male) |
| 13:30 | Create | Villager (Male) |
| 13:36 | Build | Stable |
| 13:42 | Research | Horse Collar |
| 13:47 | Build | Farm |
| 13:49 | Build | Farm |
| 14:01 | Build | Farm |
| 14:03 | Build | Farm |
| 14:13 | Build | Farm |
| 14:19 | Build | Farm |
| 14:38 | Research | Gold Mining |
| 14:48 | Age | Castle Age |
| 14:51 | Create | Unit 1944 |
| 14:51 | Create | Unit 1944 |
| 14:59 | Build | Farm |
| 15:02 | Build | Farm |
| 15:18 | Create | Villager (Male) |
| 15:25 | Build | House |
| 15:28 | Build | House |
| 15:30 | Create | Villager (Male) |
| 15:54 | Build | Town Center |
| 16:05 | Build | House |
| 16:06 | Create | Villager (Male) |
| 16:13 | Build | Farm |
| 16:16 | Create | Villager (Male) |
| 16:29 | Create | Scout Cavalry |
| 16:32 | Create | Unit 1944 |
| 16:32 | Create | Unit 1944 |
| 16:46 | Build | Farm |
| 16:46 | Build | Farm |
| 16:52 | Create | Villager (Male) |
| 16:55 | Build | House |
| 17:13 | Create | Villager (Male) |
| 17:41 | Create | Villager (Male) |
| 17:48 | Create | Villager (Male) |
| 17:54 | Build | Town Center |
| 17:57 | Create | Villager (Male) |
| 18:13 | Create | Villager (Male) |
| 18:23 | Create | Villager (Male) |
| 18:25 | Build | Farm |
| 18:25 | Build | Farm |
| 18:34 | Create | Villager (Male) |
| 18:39 | Build | Farm |
| 18:43 | Create | Villager (Male) |
| 18:53 | Build | Farm |
| 19:05 | Create | Villager (Male) |
| 19:31 | Create | Villager (Male) ×2 |
| 19:40 | Create | Villager (Male) ×2 |
| 19:50 | Build | Farm |
| 19:51 | Build | Farm |
| 19:52 | Build | Farm |
| 19:54 | Build | Farm |
| 19:59 | Create | Villager (Male) |
| 20:01 | Build | Farm |
| 20:03 | Build | Farm |
| 20:09 | Build | Farm |
| 20:10 | Create | Villager (Male) |
| 20:14 | Create | Unit 1944 |
| 20:24 | Create | Villager (Male) |
| 20:29 | Build | Farm |
| 20:35 | Build | Farm |
| 20:50 | Build | Farm |
| 20:54 | Build | Farm |
| 20:56 | Build | Farm |
| 20:57 | Create | Villager (Male) ×4 |
| 21:06 | Create | Unit 1944 |
| 21:13 | Create | Villager (Male) |
| 21:30 | Build | House |
| 21:36 | Create | Villager (Male) ×3 |
| 21:40 | Build | Town Center |
| 21:48 | Build | House |
| 21:50 | Create | Villager (Male) ×3 |
| 21:54 | Research | Loom |
| 21:57 | Research | Heavy Plow |
| 22:00 | Create | Villager (Male) ×2 |
| 22:13 | Create | Villager (Male) ×2 |
| 22:19 | Build | Mill |
| 22:19 | Build | Farm |
| 22:19 | Build | Farm |
| 22:20 | Build | Farm |
| 22:29 | Create | Villager (Male) ×3 |
| 22:33 | Build | House |
| 22:33 | Build | House |
| 22:45 | Build | Mining Camp |
| 22:48 | Create | Villager (Male) ×3 |
| 22:54 | Create | Unit 1944 |
| 23:12 | Create | Unit 1944 ×2 |
| 23:26 | Research | Stone Mining |
| 23:27 | Create | Villager (Male) |
| 23:50 | Build | House |
Match timeline
| 4:37 | [GAYM]BadBärchen · first_building Dock |
| 5:19 | LeFab · first_building Dock |
| 6:19 | [GAYM]BadBärchen · wall_segment Palisade Wall x8 |
| 6:40 | Icenain · first_building Dock |
| 7:13 | [GAYM]BadBärchen · wall_segment Palisade Wall x6 |
| 7:43 | kivul · wall_segment Palisade Wall x1 |
| 7:47 | [GAYM]AndiGoldberger · wall_segment Palisade Wall x2 |
| 7:50 | [GAYM]BadBärchen · wall_segment Palisade Wall x5 |
| 7:51 | [GAYM]AndiGoldberger · wall_segment Palisade Wall x3 |
| 7:53 | [GAYM]AndiGoldberger · wall_segment Palisade Wall x2 |
| 7:56 | [GAYM]AndiGoldberger · wall_segment Palisade Wall x7 |
| 7:57 | [GAYM]AndiGoldberger · wall_segment Palisade Wall x1 |
| 7:58 | kivul · wall_segment Palisade Wall x4 |
| 8:20 | TheLEGEND · first_building Barracks |
| 8:36 | kivul · wall_segment Palisade Wall x1 |
| 8:37 | kivul · wall_segment Palisade Wall x1 |
| 8:37 | kivul · wall_segment Palisade Wall x1 |
| 9:09 | kivul · wall_segment Palisade Wall x1 |
| 9:19 | TheLEGEND · age_up feudal |
| 9:30 | TheLEGEND · first_building Archery Range |
| 10:18 | LeFab · age_up feudal |
| 10:34 | Icenain · age_up feudal |
| 10:45 | Icenain · first_building Barracks |
| 10:56 | [GAYM]BadBärchen · age_up feudal |
| 10:59 | [GAYM]AndiGoldberger · age_up feudal |
| 11:07 | kivul · age_up feudal |
| 11:19 | NeoTyran · age_up feudal |
| 11:35 | [GAYM]AndiGoldberger · wall_segment Stone Wall x8 |
| 11:37 | [GAYM]BadBärchen · wall_segment Palisade Wall x8 |
| 11:41 | [GAYM]AndiGoldberger · wall_segment Stone Wall x1 |
| 12:12 | [GAYM]AndiGoldberger · wall_segment Stone Wall x9 |
| 12:13 | kivul · first_building Barracks |
| 12:15 | [GAYM]AndiGoldberger · wall_segment Stone Wall x5 |
| 12:19 | [GAYM]BadBärchen · wall_segment Palisade Wall x4 |
| 12:23 | NeoTyran · first_market_sell 100 food |
| 12:31 | Kefko2112 · age_up feudal |
| 12:40 | [GAYM]BadBärchen · wall_segment Palisade Wall x8 |
| 13:29 | Kefko2112 · wall_segment Stone Wall x1 |
| 13:36 | kivul · first_building Stable |
| 13:37 | NeoTyran · first_building Barracks |
| 13:43 | TheLEGEND · wall_segment Palisade Wall x10 |
| 13:43 | Kefko2112 · wall_segment Stone Wall x1 |
| 14:15 | [GAYM]AndiGoldberger · first_market_sell 100 wood |
| 14:31 | [GAYM]AndiGoldberger · first_market_buy 100 food |
| 14:36 | Kefko2112 · wall_segment Stone Wall x4 |
| 14:38 | [GAYM]BadBärchen · age_up castle |
| 14:48 | kivul · age_up castle |
| 14:51 | Kefko2112 · wall_segment Stone Wall x4 |
| 14:53 | Kefko2112 · wall_segment Stone Wall x1 |
| 15:11 | NeoTyran · age_up castle |
| 15:11 | LeFab · first_building Barracks |
| 15:52 | TheLEGEND · wall_segment Palisade Wall x1 |
| 16:03 | NeoTyran · wall_segment Palisade Wall x3 |
| 16:10 | Icenain · first_building Stable |
| 16:11 | NeoTyran · first_building Monastery |
| 16:42 | Kefko2112 · age_up castle |
| 16:58 | NeoTyran · wall_segment Stone Wall x3 |
| 17:04 | NeoTyran · wall_segment Stone Wall x3 |
| 17:15 | [GAYM]AndiGoldberger · age_up castle |
| 17:16 | Kefko2112 · first_building Monastery |
| 17:20 | [GAYM]AndiGoldberger · first_building Barracks |
| 17:24 | Kefko2112 · first_market_buy 100 food |
| 17:26 | NeoTyran · first_building Stable |
| 17:34 | NeoTyran · first_market_buy 100 wood |
| 18:26 | LeFab · age_up castle |
| 19:44 | [GAYM]AndiGoldberger · first_building Monastery |
| 19:54 | LeFab · first_market_sell 100 stone |
| 19:54 | LeFab · first_market_buy 100 food |
| 20:00 | Icenain · age_up castle |
| 20:12 | NeoTyran · wall_segment Stone Wall x3 |
| 20:52 | TheLEGEND · age_up castle |
| 20:56 | LeFab · wall_segment Palisade Wall x1 |
| 21:01 | LeFab · wall_segment Palisade Wall x1 |
| 21:18 | kivul · first_market_buy 100 stone |
| 23:57 | [GAYM]BadBärchen · first_building Monastery |
| 24:11 | kivul · first_building Monastery |
| 24:25 | Kefko2112 · first_building Barracks |
| 24:32 | Icenain · first_building Monastery |
| 24:50 | Kefko2112 · first_building Archery Range |
| 25:26 | Kefko2112 · first_building Castle |
| 25:59 | [GAYM]AndiGoldberger · first_building Castle |
| 26:39 | Kefko2112 · first_market_sell 100 wood |
| 27:19 | [GAYM]BadBärchen · first_building Barracks |
| 27:48 | TheLEGEND · first_building Monastery |
| 28:22 | [GAYM]BadBärchen · first_building Archery Range |
| 28:42 | [GAYM]BadBärchen · first_building Castle |
| 28:52 | kivul · first_building Castle |
| 30:21 | [GAYM]BadBärchen · age_up imperial |
| 30:39 | LeFab · first_building Castle |
| 30:43 | [GAYM]BadBärchen · first_market_buy 100 wood |
| 30:55 | Kefko2112 · tribute_sent a jugador 1 |
| 30:55 | Kefko2112 · tribute_sent a jugador 2 |
| 30:55 | Kefko2112 · tribute_sent a jugador 4 |
| 30:55 | Kefko2112 · tribute_sent a jugador 5 |
| 30:55 | Kefko2112 · tribute_sent a jugador 6 |
| 30:55 | Kefko2112 · tribute_sent a jugador 7 |
| 30:55 | Kefko2112 · tribute_sent a jugador 8 |
| 31:13 | [GAYM]BadBärchen · first_building Stable |
| 32:04 | TheLEGEND · first_building Castle |
| 32:14 | Icenain · first_building Castle |
| 32:25 | kivul · wall_segment Palisade Wall x1 |
| 32:36 | Kefko2112 · first_building Siege Workshop |
| 32:54 | NeoTyran · first_building Castle |
| 33:02 | Kefko2112 · age_up imperial |
| 33:25 | kivul · age_up imperial |
| 33:31 | LeFab · first_building Stable |
| 33:42 | TheLEGEND · age_up imperial |
| 33:49 | LeFab · wall_segment Stone Wall x21 |
| 34:04 | LeFab · wall_segment Stone Wall x14 |
| 34:37 | LeFab · first_building Monastery |
| 35:45 | [GAYM]AndiGoldberger · first_building Stable |
| 36:16 | NeoTyran · age_up imperial |
| 36:33 | TheLEGEND · first_building Siege Workshop |
| 36:48 | [GAYM]BadBärchen · first_market_sell 100 food |
| 37:37 | LeFab · age_up imperial |
| 38:04 | Icenain · age_up imperial |
| 40:00 | TheLEGEND · first_building Stable |
| 43:31 | [GAYM]AndiGoldberger · age_up imperial |
| 44:05 | [GAYM]AndiGoldberger · first_building Siege Workshop |
| 45:17 | Icenain · first_market_sell 500 food |
| 45:22 | LeFab · resign |
[ AI ANALYSIS · 1 CREDIT ]
What really happened in this match?
Wolo.gg analyzes every decision: build order, eco, micro, common mistakes by bracket. Personalized analysis on WhatsApp or Discord in 30 seconds.
Civ guide
Lithuanians
Map guide
MegaRandom
Perfil
Jugador #746421